 Dungeon Crawl Stone Soup version 0.28.0-53-g5a82cb258f (webtiles) character file.

Game seed: 8552072273793148049

861 Zeld the Conjurer (level 8, -11/41 HPs)
             Began as a Gargoyle Conjurer on June 1, 2022.
             Mangled by a two-headed ogre
             ... wielding a +0 giant club
              (26 damage)
             ... on level 5 of the Dungeon.
             The game lasted 00:07:28 (6439 turns).

Zeld the Conjurer (Gargoyle Conjurer)               Turns: 6439, Time: 00:07:28

Health: -11/41     AC:  9    Str: 11    XL:     8   Next: 2%
Magic:  6/16       EV: 12    Int: 21    God:
Gold:   223        SH:  5    Dex:  8    Spells: 7/18 levels left

rFire   . . .      SeeInvis .   (no weapon)
rCold   . . .      Faith    .   (no shield)
rNeg    + . .      Spirit   .   a - +0 robe
rPois   ∞          Reflect  +   (no helmet)
rElec   +          Harm     .   (no cloak)
rCorr   .          Rampage  .   h - +1 pair of gloves
Will    .....                   (no boots)
Stlth   ++........              e - amulet of reflection
HPRegen 0.13/turn               (no ring)
MPRegen 0.15/turn               (no ring)

@: very slightly contaminated
A: sickness immunity, AC +5, negative energy resistance 1, electricity
resistance, torment resistance 1, petrification resistance
a: no special abilities


You were on level 5 of the Dungeon.
You visited 1 branch of the dungeon, and saw 5 of its levels.

You collected 289 gold pieces.
You spent 66 gold pieces at shops.

Inventory:

Missiles
 f - 11 bolts
Armour
 a - a +0 robe (worn)
 h - a +1 pair of gloves (worn)
 u - a +0 pair of gloves
Jewellery
 b - a ring of ice
 e - an amulet of reflection (around neck)
Wands
 j - a wand of polymorph (9)
 p - a wand of flame (20)
Scrolls
 n - 2 scrolls of magic mapping
 q - a scroll of brand weapon
 s - a scroll of identify
 t - a scroll of enchant weapon
Potions
 c - 4 potions of berserk rage {unknown}
 d - 2 potions of attraction {unknown}
 g - 2 potions of flight {unknown}
 i - a potion of heal wounds {unknown}
 k - 2 potions of cancellation {unknown}
 l - 2 potions of magic {unknown}
 m - 2 potions of lignification {unknown}
 o - a potion of mutation {unknown}
 r - 2 potions of curing {unknown}


   Skills:
 + Level 2.4 Dodging
 - Level 4.0 Stealth
 * Level 5.6 Spellcasting
 + Level 6.3 Conjurations
 - Level 2.0 Hexes
 - Level 2.0 Translocations


You had 7 spell levels left.
You knew the following spells:

 Your Spells              Type           Power      Damage    Failure   Level
a - Magic Dart            Conj           100%       1d8       1%          1
b - Searing Ray           Conj           64%        2d6       1%          2
c - Fulminant Prism       Conj/Hex       11%        3d9       19%         4
d - Iskenderun's Mystic   Conj/Tloc      23%        2d6       19%         4

Your spell library contained the following spells:

 Spells                   Type           Power      Damage    Failure   Level
 Shock                    Conj/Air       76%        1d7       2%          1
 Dazzling Flash           Conj/Hex       46%        N/A       5%          3
 Starburst                Conj/Fire      9%         6d5       99%         6


Dungeon Overview and Level Annotations

Branches:
Dungeon (5/15)
 Temple: D:4-7

Altars:

Shops:
D:2 (?(=


Innate Abilities, Weirdness & Mutations

You are immune to sickness and miasma.
Your stone body is resilient. (AC +5)
You are immune to poison.
You resist negative energy. (rN+)
You are resistant to electric shocks. (rElec)
You are resistant to unholy torment.
You are immune to petrification.


Message History

Confirm with . or Enter, or press ? or * to list all spells.
You can't see any susceptible monsters within range! (Use Z to cast anyway.)
Casting: Searing Ray (safe; 1% risk of failure)
Confirm with . or Enter, or press ? or * to list all spells.
You can't see any susceptible monsters within range! (Use Z to cast anyway.) Unknown command.
Casting: Searing Ray (safe; 1% risk of failure)
Confirm with . or Enter, or press ? or * to list all spells.
Aiming: Searing Ray (safe; 1% risk of failure)
Press: ? - help, Shift-Dir - straight line, f - two-headed ogre
Aim: a two-headed ogre, wielding a +0 giant club and a +0 giant spiked club (wandering, hasn't noticed you, 91% to hit)
The searing ray hits the two-headed ogre.
The two-headed ogre is lightly wounded.
The two-headed ogre shouts in stereo! (Press . to maintain the ray.)
The searing ray hits the two-headed ogre.
The two-headed ogre is lightly wounded.
The searing ray hits the two-headed ogre.
The two-headed ogre is lightly wounded.
Casting: Searing Ray (safe; 1% risk of failure)
Confirm with . or Enter, or press ? or * to list all spells.
The spell is quite dangerous to miscast (19% risk of failure)!
Continue anyway?
You miscast Iskenderun's Mystic Blast.
You are very lightly contaminated with residual magic.
Nothing appears to happen.
The two-headed ogre hits you with a +0 giant club!!
Ouch! That really hurt!
The two-headed ogre closely misses you.
Unknown command.
Casting: Iskenderun's Mystic Blast (quite dangerous; 19% risk of failure)
Confirm with . or Enter, or press ? or * to list all spells.
The spell is quite dangerous to miscast (19% risk of failure)!
Continue anyway?
You miscast Iskenderun's Mystic Blast.
A wave of violent energy washes through your body!
The two-headed ogre closely misses you. The two-headed ogre misses you.
Unknown command.
You see here a jackal corpse.
The two-headed ogre hits you with a +0 giant club!!
Ouch! That really hurt!
You die...

#####................
#......######........
#.###..# #...#####
#.###..# #...# #
#.##...# #...#
#.##.##.#.# #...#####
#.........# #........
.###.#######......#
##.......
........†...###@###
#.......
.###.######...O.#
#######.......
#########.............
#...##.#####.......
#..................
#...##.#####.###.#.
###.###.####...##.#.
#........>..........
#.#.##.###........##


You could see a two-headed ogre.

Vanquished Creatures
  A black bear (D:4)
  A sky beast (D:4)
  An ogre (D:4)
  2 phantoms (D:4)
  2 scorpions (D:5)
  2 bullfrog zombies (D:5)
  A hound (D:4)
  Terence (D:2)
  2 iguanas (D:5)
  8 adders
  A worm (D:2)
  5 dart slugs
  8 orcs
  6 ball pythons
  6 bats
  4 endoplasms
  4 giant cockroaches
  3 goblins
  7 hobgoblins
  5 jackals
  3 quokkas
  3 frilled lizards
  10 kobolds
  3 rats
89 creatures vanquished.

Vanquished Creatures (others)
  3 fungi (D:2)
  32 plants (D:2)
35 creatures vanquished.

Grand Total: 124 creatures vanquished

Notes
Turn   | Place    | Note
-------+----------+-------------------------------------------
     0 | D:1      | Zeld the Gargoyle Conjurer began the quest for the Orb.
     0 | D:1      | Reached XP level 1. HP: 10/10 MP: 3/3
   252 | D:1      | Reached XP level 2. HP: 15/15 MP: 1/5
   501 | D:1      | Learned a level 2 spell: Searing Ray
   825 | D:2      | Reached skill level 1 in Translocations
   950 | D:2      | Found a faded altar of an unknown god.
   997 | D:2      | Got Plato's Papyrus of Satyriasis
  1005 | D:2      | Reached skill level 1 in Hexes
  1008 | D:2      | Reached XP level 3. HP: 17/19 MP: 0/6
  1165 | D:2      | Found Utextud's Weapon Shop.
  1377 | D:2      | Found Curghol's Weapon Shop.
  1435 | D:2      | Found Kaumina's Magic Scroll Shop.
  1445 | D:2      | Bought a scroll of identify for 22 gold pieces
  1445 | D:2      | Bought a scroll of identify for 22 gold pieces
  1445 | D:2      | Bought a scroll of identify for 22 gold pieces
  1547 | D:2      | Found Vohy's Jewellery Shoppe.
  2157 | D:2      | Noticed Terence
  2164 | D:2      | Killed Terence
  2165 | D:2      | Reached XP level 4. HP: 24/24 MP: 1/7
  3194 | D:3      | Reached XP level 5. HP: 25/28 MP: 6/9
  3199 | D:3      | Learned a level 4 spell: Fulminant Prism
  4351 | D:4      | You fall into a shaft and drop 1 floor!
  4351 | D:5      | Entered Level 5 of the Dungeon
  4357 | D:5      | Reached skill level 5 in Conjurations
  4627 | D:5      | Reached XP level 6. HP: 23/32 MP: 0/11
  4739 | D:5      | Noticed a two-headed ogre
  4912 | D:4      | Learned a level 4 spell: Iskenderun's Mystic Blast
  5022 | D:4      | Noticed a sky beast
  5031 | D:4      | Killed a sky beast
  5175 | D:4      | Reached XP level 7. HP: 36/36 MP: 8/13
  5634 | D:4      | Reached skill level 5 in Spellcasting
  5634 | D:4      | Reached skill level 6 in Conjurations
  6191 | D:5      | Reached XP level 8. HP: 37/41 MP: 8/16
  6423 | D:5      | Noticed a two-headed ogre
  6439 | D:5      | Mangled by a two-headed ogre

Illustrated notes

Levels and vault maps discovered:
D:1:      dpeg_arrival_court, layout_rooms
D:2:      layout_basic, serial_shops, shop, nicolae_square_shop,
          nicolae_shop_bloodbath_and_beyond, shop,
          shapermc_ecumenical_altar_rom_forum, serial_bayou_lagoon_a,
          minmay_hexomino_u4, uniq_terence
D:3:      wad_river_or_something, layout_basic
D:4:      layout_cave_pools
D:5:      layout_loops_cross

Skill      XL: |  1  2  3  4  5  6  7 |
---------------+----------------------+-----
Translocations | 1 2 |  2.0
Hexes          | 1 2 |  2.0
Spellcasting   | 3 4 5 |  5.6
Conjurations   | 5 6 |  6.3
Stealth        | 3 4 |  4.0
Dodging        | 2 |  2.4

Action                   |  1- 3 |  4- 6 |  7- 9 || total
-------------------------+-------+-------+-------++-------
Melee: Unarmed           |    21 |    39 |    46 ||   106
       Punch             |     1 |     2 |       ||     3
 Cast: Magic Dart        |    30 |     5 |       ||    35
       Searing Ray       |    14 |    35 |    13 ||    62
       Iskenderun's Myst |       |     1 |     6 ||     7
  Use: Scroll            |       |     5 |     1 ||     6
 Stab: Sleeping          |     1 |       |       ||     1
Armor: Robe              |    18 |    28 |    24 ||    70
Dodge: Dodged            |    24 |    34 |    44 ||   102
Block: Other             |     7 |    14 |     9 ||    30
       Reflection        |     1 |       |       ||     1
